 Dungeon Crawl Stone Soup version 0.26.0-10-g1f06aea511 (webtiles) character file.

Game seed: 959152083622700863

231 Buhirmon the Cudgeller (level 5, -2/49 HPs)
             Began as a Palentonga Fighter on Jan 20, 2021.
             Slain by an orc
             ... wielding a +0 morningstar
              (6 damage)
             ... on level 2 of the Dungeon.
             The game lasted 00:09:34 (2138 turns).

Buhirmon the Cudgeller (Palentonga Fighter)         Turns: 2138, Time: 00:09:36

Health: -2/49      AC:  6    Str: 21    XL:     5   Next: 72%
Magic:  5/5        EV:  8    Int:  8    God:
Gold:   147        SH:  0    Dex:  9    Spells: 4/4 levels left

rFire    . . .     SeeInvis +   a - +0 flail
rCold    . . .     Faith    .   (no shield)
rNeg     + . .     Spirit   .   b - +0 scale mail
rPois    .         Reflect  .   (no helmet)
rElec    .         Harm     .   (no cloak)
rCorr    .         Rampage  .   (no gloves)
Will     .....                  (no barding)
Stlth    ..........             (no amulet)
HPRegen  0.16/turn              e - ring of positive energy
MPRegen  0.09/turn              (no ring)

@: no status effects
A: large, rugged brown scales 3, see invisible, deformed body, roll 1, armoured
tail
a: Rolling Charge


You were on level 2 of the Dungeon.
You visited 1 branch of the dungeon, and saw 3 of its levels.

You collected 147 gold pieces.

Inventory:

Hand Weapons
 a - a +0 flail (weapon)
Missiles
 h - 18 bolts
 i - 38 arrows
Armour
 b - a +0 scale mail (worn)
 c - a +0 kite shield
Jewellery
 e - a ring of positive energy (left hand)
Wands
 m - a wand of iceblast (10)
Scrolls
 g - 2 scrolls of identify {unknown}
 j - 2 scrolls of remove curse {unknown}
 l - a scroll of enchant armour {unknown}
Potions
 d - a potion of might
 f - 2 potions of curing {unknown}
 k - a potion of attraction {unknown}


   Skills:
 + Level 3.9 Fighting
 * Level 4.1 Maces & Flails
 + Level 3.2 Armour
 + Level 1.8 Dodging
 - Level 2.4 Shields


You had 4 spell levels left.
You didn't know any spells.
Your spell library was empty.

Dungeon Overview and Level Annotations

Branches:
Dungeon (3/15)

Altars:
Elyvilon


Innate Abilities, Weirdness & Mutations

You are completely covered in rugged brown scales. (AC +3, +7% HP)
You have supernaturally acute eyesight. (SInv)
Armour fits poorly on your strangely shaped body.
You can roll at nearby foes to attack.
You have a long armoured tail.


Message History

The orc priest is heavily wounded.
The orc priest barely misses you. The orc hits you with a +0 morningstar.
* * * LOW HITPOINT WARNING * * *
You hit the orc priest but do no damage.
You tail-slap the orc priest, but do no damage.
The orc priest is heavily wounded.
The orc wizard casts a spell.
The orc wizard blinks!
The orc priest barely misses you. The orc hits you but does no damage.
The orc priest barely misses you. The orc hits you with a +0 morningstar.
* * * LOW HITPOINT WARNING * * *
You climb upwards.
There is a stone staircase leading down here.
You barely miss the orc priest.
The orc priest is heavily wounded.
The orc priest calls down the wrath of Beogh upon you.
Pain shoots through your body!
* * * LOW HITPOINT WARNING * * *
The orc hits you with a +0 morningstar.
You die...

###........'........
#.......####<.......
#.####.## ##.......
#.####.### ##.(...#
#.##.....# ##...##
#.##...#.# ##'##
#.##.#.#.# #.#
#.##[#.#.#######.#
#.o@...#.......#.##
###o#.....####....##
#.###..............
##.#.###.####....##
##.## #.# #.#.## ###
#.####.#.#
#......#.#
########.# #.#


You could see an orc priest and an orc.

Vanquished Creatures
  A black bear (D:3)
  An orc priest (D:2)
  An orc wizard (D:3)
  2 adders (D:2)
  An ooze (D:1)
  A dart slug (D:1)
  5 leopard geckos
  2 orcs (D:3)
  8 bats
  2 giant cockroaches
  7 goblins
  6 hobgoblins
  4 kobolds
  A quokka (D:2)
  3 frilled lizards
  21 rats
66 creatures vanquished.

Notes
Turn   | Place    | Note
-------+----------+-------------------------------------------
     0 | D:1      | Buhirmon the Palentonga Fighter began the quest for the
                  | Orb.
     0 | D:1      | Reached XP level 1. HP: 20/20 MP: 1/1
    86 | D:1      | Reached XP level 2. HP: 19/27 MP: 2/2
   596 | D:1      | Reached XP level 3. HP: 33/33 MP: 3/3
   955 | D:2      | Reached skill level 1 in Dodging
   964 | D:2      | Reached skill level 3 in Maces & Flails
  1202 | D:2      | Found a white marble altar of Elyvilon.
  1432 | D:2      | Reached XP level 4. HP: 40/40 MP: 4/4
  1998 | D:3      | Noticed a black bear
  2008 | D:3      | Killed a black bear
  2009 | D:3      | Reached XP level 5. HP: 38/49 MP: 5/5
  2110 | D:3      | Reached skill level 4 in Maces & Flails
  2138 | D:2      | Slain by an orc

Illustrated notes

Levels and vault maps discovered:
D:1:      psy_arrival_dodecagon, layout_loops_ring, hex_medium, st_stairs_11
D:2:      layout_loops_corners, elyvilon_altar_5, minmay_rat_hole
D:3:      layout_loops_ring, kennysheep_big_empty_room, okawaru_metal_pillars_3,
          uniq_robin, uniq_crazy_yiuf_cottage

Skill      XL: |  1  2  3  4  5 |
---------------+----------------+-----
Dodging        | 1 |  1.8
Maces & Flails | 3 4 |  4.1
Armour         | 3 |  3.2
Fighting       | |  3.9
Shields        | |  2.4

Action                   |  1- 3 |  4- 6 || total
-------------------------+-------+-------++-------
Melee: Flail             |   118 |    81 ||   199
       Tailslap          |     8 |    10 ||    18
 Abil: Rolling Charge    |    23 |     3 ||    26
Armor: Scale mail        |    56 |    39 ||    95
Dodge: Dodged            |    36 |    27 ||    63
Block: Kite shield       |    27 |       ||    27
